 Dungeon Crawl Stone Soup version 0.30.1-9-gdf580d7c3d (webtiles) character file.

Game seed: 16431376606645630306

259 CaptainMV the Chiller (level 5, 0/40 HPs)
             Began as a Draconian Ice Elementalist on Oct 9, 2023.
             Slain by a black bear (2 damage)
             ... on level 5 of the Dungeon.
             The game lasted 00:22:47 (2456 turns).

CaptainMV the Chiller (Draconian Ice Elementalist)  Turns: 2456, Time: 00:22:48

Health: 0/40       AC:  5    Str: 12    XL:     5   Next: 94%
Magic:  2/9        EV: 10    Int: 15    God:
Gold:   263        SH:  9    Dex: 12    Spells: 6/10 levels left

rFire   . . .        b - +2 war axe
rCold   . . .        o - +2 kite shield
rNeg    . . .        (body armour unavailable)
rPois   .            (helmet restricted)
rElec   .            (no cloak)
rCorr   .            (no gloves)
SInv    .            (no boots)
Will    .....        (no amulet)
Stlth   ++           (no ring)
HPRegen 0.26/turn    (no ring)
MPRegen 0.11/turn

%: no passive effects
@: very slightly contaminated
A: AC +5, unfitting armour, cold-blooded
a: no special abilities


You were on level 5 of the Dungeon.
You visited 1 branch of the dungeon, and saw 5 of its levels.

You collected 263 gold pieces.

Inventory:

Hand Weapons
 b - a +2 war axe (weapon)
Missiles
 e - 3 javelins (quivered)
Armour
 o - a +2 kite shield (worn)
Magical Staves
 a - a staff of poison
Wands
 i - a wand of mindburst (22)
Scrolls
 g - a scroll of poison
 m - 3 scrolls of teleportation
Potions
 c - 3 potions of lignification
 d - a potion of magic
 f - 2 potions of resistance
 h - 3 potions of degeneration {unknown}
 j - a potion of heal wounds {unknown}
 k - a potion of curing {unknown}
 l - a potion of flight {unknown}
 n - a potion of attraction {unknown}


   Skills:
 + Level 1.2 Fighting
 + Level 1.3 Short Blades
 + Level 1.7 Axes
 + Level 0.1 Throwing
 + Level 2.5 Dodging
 + Level 2.1 Stealth
 + Level 0.4 Shields
 + Level 3.3 Spellcasting
 + Level 5.1 Ice Magic


You had 6 spell levels left.
You knew the following spells:

 Your Spells              Type           Power      Damage    Failure   Level
a - Freeze                Ice            68%        1d8       11%         1
b - Frozen Ramparts       Ice            34%        1d6       30%         3

Your spell library contained the following spells:

 Spells                   Type           Power      Damage    Failure   Level
 Ozocubu's Armour         Ice            17%        N/A       30%         3
 Summon Ice Beast         Ice/Summ       10%        N/A       96%         4


Dungeon Overview and Level Annotations

Branches:
Dungeon (5/15)
 Temple: D:4-7

Altars:

Shops:
D:1 [   D:3 *


Innate Abilities, Weirdness & Mutations

Your plain brown scales are hard. (AC +5)
You cannot fit into any form of body armour.
You are cold-blooded and may be slowed by cold attacks.


Message History

The wall freezes the white imp but does no damage.
You hit the black bear.
The black bear is moderately wounded.
The wall freezes the gnoll but does no damage.
You block the gnoll's attack.
The wall freezes the black bear.
The black bear bites you. The black bear claws you. x2
The white imp completely resists.
The wall freezes the white imp but does no damage.
The white imp completely resists.
The wall freezes the white imp but does no damage.
The wall freezes the orc.
The wall freezes the gnoll but does no damage.
The gnoll hits you from afar with a +0 halberd.
The wall freezes the black bear.
The black bear bites you but does no damage.
The black bear claws you but does no damage.
The black bear claws you.
You closely miss the black bear. You tail-slap the black bear.
The black bear is severely wounded.
The wall freezes the orc.
You kill the orc!
The wall freezes the gnoll.
The gnoll barely misses you.
The wall freezes the black bear.
The black bear goes berserk!
The white imp completely resists.
The wall freezes the white imp but does no damage.
The white imp completely resists.
The wall freezes the white imp but does no damage.
The wall freezes the gnoll.
You kill the gnoll!
The wall freezes the black bear but does no damage.
The black bear bites you!
* * * LOW HITPOINT WARNING * * *
The black bear barely misses you.
The black bear claws you but does no damage.
You hit the black bear.
The black bear is almost dead.
The frozen ramparts melt away.
The black bear bites you!
* * * LOW HITPOINT WARNING * * *
The black bear claws you.
You die...

...# .!###.#[..
####..###+.....#..?.
..........###.#.!..$
##.......##$###+l.!#
#(.......#.[r+.#####
#..#.....##O###+##..
####..#<.....#####[?##.
#..............†#5?..#.
#.#####.†......@h))..#.
#.###.##..##((##. #.#
#.###..####.. #.# #.#
##....... #.# #.#
###...# #.# #.# .#.#
#.# #.# # # ..#


You could see a black bear (berserk), an ogre, an iguana, a white imp and a
quokka.

Vanquished Creatures
  A hound (D:5)
  Jessica (D:2)
  A gnoll (D:5)
  9 adders
  An ufetubus (D:5)
  A worm (D:2)
  3 dart slugs
  7 orcs
  4 ball pythons
  10 endoplasms
  4 giant cockroaches
  6 goblins
  5 hobgoblins
  10 jackals
  7 kobolds
  2 quokkas (D:1)
  3 bats
  10 frilled lizards
  7 rats
92 creatures vanquished.

Vanquished Creatures (others)
  A rat (D:1)
1 creature vanquished.

Grand Total: 93 creatures vanquished

Notes
Turn   | Place    | Note
-------+----------+-------------------------------------------
     0 | D:1      | CaptainMV the Draconian Ice Elementalist began the quest
                  | for the Orb.
     0 | D:1      | Reached XP level 1. HP: 14/14 MP: 3/3
    85 | D:1      | Reached XP level 2. HP: 20/20 MP: 0/5
   345 | D:1      | Found Hiethyn's Antique Armour Shop.
   390 | D:1      | Reached XP level 3. HP: 26/26 MP: 2/6
   406 | D:1      | Learned a level 3 spell: Frozen Ramparts
   770 | D:2      | Noticed Jessica
   772 | D:2      | Killed Jessica
   773 | D:2      | Reached skill level 1 in Short Blades
   773 | D:2      | Reached XP level 4. HP: 33/33 MP: 3/7
  1258 | D:3      | Found Pataopt's General Store.
  1391 | D:3      | Reached skill level 1 in Fighting
  1391 | D:3      | Reached skill level 1 in Axes
  1588 | D:3      | Reached XP level 5. HP: 40/40 MP: 5/9
  2155 | D:4      | Reached skill level 5 in Ice Magic
  2431 | D:5      | Entered Level 5 of the Dungeon
  2431 | D:5      | Noticed an ogre
  2444 | D:5      | Noticed a black bear
  2456 | D:5      | HP: 2/40 [black bear (10)]
  2456 | D:5      | Slain by a black bear

Illustrated notes

Levels and vault maps discovered:
D:1:      dpeg_arrival_pits, layout_loops_ring, serial_shops,
          nicolae_diamond_shop, nrook_campfire, due_unseen_surprise
D:2:      layout_basic, kennysheep_generic_room_3, uniq_jessica
D:3:      layout_loops_corners, serial_shops, shop_statue,
          serial_co_window_serial, co_window_paths_a, co_window_paths_a,
          co_window_corner_a, co_window_of_opportunity_a, co_window_corner_a,
          co_window_unsneaky_path_e, co_window_corner_cb, co_window_broadway_c,
          co_window_broadway_a, co_window_paths_c, co_window_broadway_b,
          glass_columns_c, glass_columns_c, glass_columns_a, glass_columns_c,
          minivault_27, grunt_decor_fettered
D:4:      layout_basic, item_on_display_b
D:5:      layout_basic, kennysheep_mini, mainiacjoe_overflow_small_starburst,
          nicolae_overflow_squiral, minmay_joined_circles, uniq_ijyb

Skill      XL: |  1  2  3  4  5 |
---------------+----------------+-----
Dodging        | 2 |  2.5
Short Blades   | 1 |  1.3
Fighting       | 1 |  1.2
Axes           | 1 |  1.7
Stealth        | 2 |  2.1
Spellcasting   | 3 |  3.3
Ice Magic      | 5 |  5.1
Throwing       | |  0.1
Shields        | |  0.4

Action                     |  1- 3 |  4- 6 || total
---------------------------+-------+-------++-------
  Melee: Unarmed           |    36 |       ||    36
         Tailslap          |    11 |     9 ||    20
         War axe           |    12 |    80 ||    92
         Short sword       |     4 |       ||     4
         Punch             |       |     1 ||     1
  Throw: Javelin           |     7 |       ||     7
   Cast: Freeze            |    32 |       ||    32
         Frozen Ramparts   |     6 |    22 ||    28
    Use: Scroll            |     4 |     6 ||    10
   Stab: Sleeping          |     4 |     1 ||     5
 Armour: Skin              |    19 |    29 ||    48
  Dodge: Dodged            |    41 |    60 ||   101
  Block: Buckler           |       |     1 ||     1
         Kite shield       |       |    22 ||    22
